 Dungeon Crawl Stone Soup version 0.26-a0-43-g20b394cb32 (console) character file.

Game seed: 201252389149901506

151503 Kagalorn the Demon Slayer (level 17, -2/102 HPs)
             Began as a Gargoyle Fighter on June 3, 2020.
             Was a High Priest of the Shining One.
             Killed from afar by a deep elf annihilator (27 damage)
             ... with a crystal spear
             ... on level 3 of the Elven Halls.
             The game lasted 01:31:45 (29838 turns).

Kagalorn the Demon Slayer (Gargoyle Fighter)       Turns: 29838, Time: 01:31:46

Health: -2/102     AC: 34    Str: 34    XL:     17   Next: 56%
Magic:  29/29      EV: 13    Int: 22    God:    the Shining One [*****.]
Gold:   2557       SH: 15    Dex:  9    Spells: 16/16 levels left

rFire    . . .     SeeInvis .   a - +4 scimitar (flame)
rCold    + . .     Gourm    .   c - +0 kite shield
rNeg     + + +     Faith    +   g - +6 chain mail of Honour {rC+ Regen+ Str+4}
rPois    ∞         Spirit   .   u - +0 helmet
rElec    +         Reflect  .   (no cloak)
rCorr    .         Harm     .   (no gloves)
MR       +++..                  m - +1 pair of boots
Stlth    ..........             P - amulet "Asuuj Vi Dod" {Faith *Drain Str+5 Int+8}
HPRegen  0.67/turn              y - ring of protection from magic
MPRegen  0.21/turn              Q - ring "Saovo" {MR+ Str+3 Stlth-}

@: flying, glowing
A: big wings, negative energy resistance 1, electricity resistance, unbreathing,
petrification resistance, rot immunity, subdued magic 1, AC +12
a: Stop Flying, Divine Shield, Cleansing Flame, Summon Divine Warrior, Renounce
Religion


You were on level 3 of the Elven Halls.
You worshipped the Shining One.
The Shining One was extremely pleased with you.
You were hungry.

You visited 5 branches of the dungeon, and saw 26 of its levels.
You visited the Abyss 1 time.
You also visited: Gauntlet and Volcano.

You collected 2703 gold pieces.
You spent 146 gold pieces at shops.

Inventory:

Hand Weapons
 a - a +4 scimitar of flaming (weapon)
 b - a +2 eudemon blade of holy wrath
 W - a +2 scimitar of holy wrath
 X - a +5 scimitar of holy wrath
Missiles
 I - 451 arrows
 U - 5 throwing nets (quivered)
 V - 28 javelins
Armour
 c - a +0 kite shield (worn)
 g - the +6 chain mail of Honour (worn) {rC+ Regen+ Str+4}
   (You found it on level 13 of the Dungeon)

   It affects your strength (+4).
   It protects you from cold.
   It increases your rate of regeneration.
 m - a +1 pair of boots (worn)
 u - a +0 helmet (worn)
 D - +2 fire dragon scales
Jewellery
 n - an uncursed ring of resist corrosion
 p - a +4 ring of slaying
 y - a ring of protection from magic (left hand)
 C - the ring "Xudwyr" {+Blink rC+ Dex+5}
   (You found it in a Gauntlet)

   [ring of protection from cold]

   It affects your dexterity (+5).
   It protects you from cold.
   It lets you blink.
 F - an uncursed ring of ice
 M - the ring of Doubts {rPois rC+ Dex+3 SInv}
   (You took it off a minotaur in a Gauntlet)

   [ring of poison resistance]

   It affects your dexterity (+3).
   It protects you from cold.
   It protects you from poison.
   It lets you see invisible.
 P - the amulet "Asuuj Vi Dod" (around neck) {Faith *Drain Str+5 Int+8}
   (You found it on level 7 of the Dungeon)

   [amulet of faith]

   It allows you to gain divine favour quickly.
   It affects your strength (+5).
   It affects your intelligence (+8).
   It causes draining when unequipped.
 Q - the ring "Saovo" (right hand) {MR+ Str+3 Stlth-}
   (You found it on level 7 of the Dungeon)

   [ring of protection from magic]

   It affects your strength (+3).
   It affects your resistance to hostile enchantments.
   It makes you less stealthy.
 T - the ring of Ephemeral Luck {+Blink rF+++ Str-3 Int+9 Stlth-}
   (You found it on level 7 of the Dungeon)

   [ring of attention]

   It affects your strength (-3).
   It affects your intelligence (+9).
   It renders you almost immune to fire.
   It lets you blink.
   It makes you less stealthy.
Wands
 A - a wand of paralysis (11)
 B - a wand of iceblast (7)
 K - a wand of polymorph (16)
 L - a wand of digging (18)
 R - a wand of acid (10)
Scrolls
 e - 9 scrolls of teleportation
 h - 2 scrolls of enchant armour
 i - a scroll of silence
 j - 4 scrolls of blinking
 k - 12 scrolls of remove curse
 l - 2 scrolls of fog
 q - 7 scrolls of enchant weapon
 v - a scroll of identify
 H - 6 scrolls of amnesia
 N - a scroll of fear
Potions
 d - 6 potions of might
 o - 8 potions of heal wounds
 r - 2 potions of stabbing
 s - 7 potions of curing
 t - 4 potions of brilliance
 w - 6 potions of cancellation
 z - 3 potions of resistance
 E - 2 potions of mutation
 J - 3 potions of haste
 O - 3 potions of lignification
 Z - a potion of ambrosia
Miscellaneous
 x - a phial of floods
Comestibles
 f - 30 rations


   Skills:
 - Level 10.0 Fighting
 - Level 14.0 Long Blades
 - Level 10.0 Armour
 - Level 10.0 Dodging
 - Level 15.0 Shields
 + Level 17.6 Invocations


You had 16 spell levels left.
You didn't know any spells.
Your spell library contained the following spells:

 Spells                   Type           Power        Failure   Level  Hunger
 Animate Skeleton         Necr           N/A          45%         1    ##.....
 Apportation              Tloc           #.....       45%         1    ##.....
 Corona                   Hex            #......      45%         1    ##.....
 Freeze                   Ice            #...         45%         1    ##.....
 Pain                     Necr           #...         45%         1    ##.....
 Sting                    Tmut/Pois      #...         45%         1    ##.....
 Summon Small Mammal      Summ           #...         45%         1    ##.....
 Call Imp                 Summ           #.......     58%         2    ###....
 Poisonous Vapours        Pois/Air       #.....       58%         2    ###....
 Slow                     Hex            #.......     58%         2    ###....
 Call Canine Familiar     Summ           #.......     83%         3    ####...
 Confusing Touch          Hex            #.......     83%         3    ####...
 Frozen Ramparts          Ice            #.....       83%         3    ####...
 Gell's Gravitas          Tloc           #.........   83%         3    ####...
 Ignite Poison            Fire/Tmut/Pois #.......     83%         3    ####...
 Inner Flame              Hex/Fire       #.......     83%         3    ####...
 Mephitic Cloud           Conj/Pois/Air  #.......     83%         3    ####...
 Ozocubu's Armour         Chrm/Ice       #.......     83%         3    ####...
 Recall                   Summ/Tloc      N/A          83%         3    ####...
 Spectral Weapon          Hex/Chrm       #.......     83%         3    ####...
 Summon Guardian Golem    Hex/Summ       #.......     83%         3    ####...
 Vampiric Draining        Necr           #.........   83%         3    ####...
 Animate Dead             Necr           N/A          99%         4    #####..
 Cause Fear               Hex            #.........   99%         4    #####..
 Dispel Undead            Necr           #.......     99%         4    #####..
 Hailstorm                Conj/Ice       #.......     99%         4    #####..
 Olgreb's Toxic Radiance  Pois           #.......     99%         4    #####..
 Petrify                  Tmut/Erth      #.......     99%         4    #####..
 Summon Ice Beast         Ice/Summ       #.......     99%         4    #####..
 Summon Lightning Spire   Summ/Air       #.......     99%         4    #####..
 Borgnjor's Vile Clutch   Necr/Erth      #.........   100%        5    ######.
 Metabolic Englaciation   Hex/Ice        #.........   100%        5    ######.
 Silence                  Hex/Air        #.........   100%        5    ######.
 Yara's Violent Unravell  Hex/Tmut       #.........   100%        5    ######.
 Death Channel            Necr           #.........   100%        6    #######
 Simulacrum               Ice/Necr       #.........   100%        6    #######
 Malign Gateway           Summ/Tloc      #.........   100%        7    #######
 Monstrous Menagerie      Summ           #.........   100%        7    #######
 Summon Greater Demon     Summ           #.........   100%        7    #######
 Controlled Blink         Tloc           N/A          100%        8    #######
 Disjunction              Tloc           #.........   100%        8    #######
 Summon Horrible Things   Summ           #.........   100%        8    #######


Dungeon Overview and Level Annotations

Branches:
Dungeon (14/15)            Temple (1/1) D:4            Lair (6/6) D:11
 Shoals (0/4) Lair:2       Spider (0/4) Lair:3        Slime (0/5) Lair:6
    Orc (2/2) D:11            Elf (3/3) Orc:2        Vaults (0/5) D:13
Volcano (visited)         Gauntlet (visited)

Altars:
Ashenzari
Cheibriados
Dithmenos
Elyvilon
Fedhas
Gozag
Hepliaklqana
Kikubaaqudgha
Makhleb
Nemelex Xobeh
Okawaru
Qazlal
Ru
Sif Muna
Trog
Uskayaw
Vehumet
Xom
Yredelemnul
Zin
The Shining One
Jiyva

Shops:
D:8 *   D:9 *   Orc:1 :   Orc:2 ([:*   Elf:1 :   Elf:2 *

Annotations:
D:7 3 runed translucent doors, Mictavius's ghost, novice HOMo
D:13 3 runed translucent doors, Cetal's ghost, journeyman GrFi


Innate Abilities, Weirdness & Mutations

You are resistant to torment.
Your stone body is resilient. (AC +12)
You are immune to poison.
Your large and strong wings let you fly indefinitely.
You resist negative energy. (rN+)
You are resistant to electric shocks. (rElec)
You can survive without breathing.
You are immune to petrification.
You are immune to rotting.
Your spells are a little easier to cast, but a little less powerful.


Message History

The deep elf annihilator is empowered by the deep elf high priest's aura!
The deep elf high priest shoots an arrow.
Your daeva blocks the arrow.
The deep elf annihilator casts a spell at you.
The poison arrow hits you! You partially resist.
Your daeva hits the deep elf high priest with a +3 scimitar of holy wrath! x2
The deep elf mage casts a spell at you. The lance of force hits your daeva!!
Your daeva dies!
The deep elf annihilator casts a spell.
The deep elf annihilator blinks!
The deep elf high priest invokes the aid of its god against you.
Something smites you!
Items here: )) = [[ † The deep elf high priest calls down the wrath of its god upon you.
Something smites you!
* * * LOW HITPOINT WARNING * * *
The deep elf annihilator casts a spell at you.
The crystal spear hits you!!
You die...

#...................##
#..........[.........#
#....................#
##...................+
##........[....=...##
##......e........##
##....#........##
##..##...)...##
#'###.@§...+# ###
###)##.# #...### #.A.#
## #...# #. ##e## #.
#.ee..# #. #..§......#
#' #.............# #.


You could see a deep elf annihilator (empowered), a deep elf high priest
(brilliance aura), a deep elf mage (empowered) and a friendly daeva (summoned).

Vanquished Creatures
  A deep elf master archer (Elf:2)
  2 deep elf blademasters
  Donald (Elf:2)
  3 deep elf sorcerers
  An orc warlord (Orc:2)
  A deep elf elementalist (Elf:2)
  A deep elf demonologist (Elf:2)
  A minotaur (Gauntlet)
  3 deep elf annihilators
  6 dire elephants (Lair:6)
  4 deep elf death magi
  5 deep elf high priests
  Fannar (Orc:1)
  2 vault guards (D:13)
  6 hydras
  Harold (D:7)
  Erica (D:8)
  An anaconda (Lair:6)
  2 two-headed ogres
  11 dancing weapons
  7 death yaks
  3 orc high priests
  4 deep elf knights
  A wretched star (Abyss:3)
  5 unseen horrors
  3 deep elf archers
  A harpy (shapeshifter) (Elf:1)
  2 lindwurms (Volcano)
  5 orc knights
  5 ugly things
  4 cyclopes
  A salamander (shapeshifter) (Gauntlet)
  5 orc sorcerers
  A manticore (D:13)
  3 slime creatures (D:13)
  41 deep elf magi
  2 toenail golems (Volcano)
  4 elephants (Lair:6)
  4 black mambas
  A water nymph (shapeshifter) (Elf:1)
  3 smoke demons
  A molten gargoyle (Volcano)
  12 spiny frogs
  2 centaur skeletons (D:11)
  2 gargoyles
  3 rime drakes
  A hellion (Gauntlet)
  Maggie (Lair:1)
  5 komodo dragons
  3 efreet (Volcano)
  6 trolls
  7 jumping spiders (Lair:3)
  Grinder (D:6)
  2 hornets (D:9)
  A polar bear (Lair:4)
  A hippogriff (shapeshifter) (Elf:1)
  3 dream sheep (Lair:2)
  12 blink frogs
  5 raiju (Abyss:3)
  11 hippogriffs
  5 flying skulls (Gauntlet)
  2 redbacks (Lair:3)
  4 water elementals
  Sigmund (D:3)
  A shadow (D:13)
  5 air elementals
  A ynoxinul (Abyss:3)
  Eustachio (D:4)
  A chaos spawn (Abyss:3)
  8 humans (D:13)
  4 wyverns
  37 yaks
  6 fire elementals
  7 fire bats
  A hog (shapeshifter) (D:13)
  Grum (D:9)
  2 basilisks
  2 small abominations
  5 vampire mosquitoes
  8 wargs
  A hungry ghost (D:13)
  Menkaure (D:6)
  Edmund (D:5)
  3 large abominations
  2 soldier ants (D:9)
  13 water moccasins
  12 porcupines
  30 orc warriors
  2 ice beasts
  2 eyes of draining
  5 phantoms
  3 black bears
  2 sky beasts
  5 starcursed masses (Abyss:3)
  7 ogres
  14 wolves
  9 centaurs
  A big kobold (D:11)
  5 crocodiles
  15 bullfrogs
  3 gnoll sergeants
  3 elf zombies (Elf:1)
  6 earth elementals
  A wyvern zombie (D:7)
  A wyvern skeleton (D:10)
  5 scorpions
  17 killer bees
  A killer bee (shapeshifter) (Gauntlet)
  8 wights
  An electric eel (Lair:2)
  13 howler monkeys
  2 bullfrog zombies
  4 crimson imps
  A quasit (D:8)
  2 bullfrog skeletons
  5 jellies
  6 hounds
  17 orc priests
  25 orc wizards
  5 iguanas
  9 worker ants
  A hound zombie (D:5)
  4 hound skeletons
  A worker ant zombie (D:9)
  13 gnolls
  2 howler monkey skeletons
  12 adders
  4 shadow imps
  3 adder zombies
  3 worms
  4 dart slugs
  107 orcs
  2 ball pythons (D:2)
  6 bats
  5 giant cockroaches
  8 goblins
  10 hobgoblins
  26 jackals
  10 kobolds
  7 quokkas
  A ball python zombie (D:6)
  5 frilled lizards
  A jackal zombie (D:5)
  A leopard gecko skeleton (D:4)
  A leopard gecko zombie (D:8)
  2 quokka skeletons (D:4)
  5 rats
  A spectral orc (D:8)
  2 crawling corpses (Elf:2)
  3 fire vortices (Volcano)
  5 plants (Lair:6)
863 creatures vanquished.

Vanquished Creatures (collateral kills)
  A deep elf master archer (Elf:3)
  2 deep elf blademasters
  2 deep elf sorcerers
  A cacodemon (Abyss:3)
  A deep elf elementalist (Elf:2)
  A deep elf demonologist (Elf:3)
  A deep elf high priest (Elf:3)
  A rakshasa (Abyss:3)
  7 dancing weapons (Elf:2)
  7 deep elf knights
  A deep elf archer (Elf:2)
  3 deep elf magi (Elf:2)
  A raiju (Abyss:3)
  A large abomination (Abyss:3)
  2 orc warriors (Orc:2)
  An earth elemental (Elf:3)
  2 starcursed masses (Abyss:3)
  An orc wizard (Orc:2)
  An orc priest (Orc:2)
  3 orcs (Orc:2)
40 creatures vanquished.

Vanquished Creatures (others)
  A vault guard (D:13)
  2 deep elf magi (Elf:3)
  A human (D:13)
  An orc priest (Orc:2)
  An orc (Orc:2)
  A fungus (Lair:6)
  5 plants
12 creatures vanquished.

Grand Total: 915 creatures vanquished

Notes
Turn   | Place    | Note
-------+----------+-------------------------------------------
     0 | D:1      | Kagalorn the Gargoyle Fighter began the quest for the Orb.
     0 | D:1      | Reached XP level 1. HP: 14/14 MP: 1/1
   108 | D:1      | Reached XP level 2. HP: 11/19 MP: 2/2
   602 | D:1      | Reached XP level 3. HP: 23/23 MP: 3/3
   739 | D:1      | You fall into a shaft and drop 1 floor!
   740 | D:2      | Noticed a scorpion
   754 | D:2      | Noticed a sky beast
   773 | D:2      | Killed a scorpion
   773 | D:2      | Reached XP level 4. HP: 20/28 MP: 4/4
   791 | D:2      | Killed a sky beast
   791 | D:2      | Reached skill level 5 in Long Blades
   791 | D:2      | Reached XP level 5. HP: 19/32 MP: 5/5
  1073 | D:2      | Found a hide-covered altar of Uskayaw.
  1487 | D:1      | Reached XP level 6. HP: 37/37 MP: 6/6
  2108 | D:3      | Noticed Sigmund
  2242 | D:4      | Noticed a phantom
  2777 | D:3      | Killed Sigmund
  2777 | D:3      | Reached XP level 7. HP: 41/41 MP: 7/7
  2940 | D:4      | Got a steaming dagger
  3656 | D:4      | Paralysed by an orc for 5 turns
  3751 | D:4      | Found a staircase to the Ecumenical Temple.
  3757 | Temple   | Entered the Ecumenical Temple
  4166 | D:4      | Reached XP level 8. HP: 46/46 MP: 8/8
  4280 | D:4      | Noticed Eustachio
  4361 | D:4      | Killed Eustachio
  4719 | D:5      | Entered Level 5 of the Dungeon
  5328 | D:5      | Noticed Edmund
  5350 | D:5      | Killed Edmund
  5588 | D:5      | Reached skill level 10 in Long Blades
  6216 | D:6      | Reached XP level 9. HP: 49/51 MP: 9/9
  6315 | D:6      | Noticed Grinder
  6317 | D:6      | Paralysed by Grinder for 5 turns
  6384 | D:6      | Killed Grinder
  6889 | D:6      | Found a blossoming altar of Fedhas.
  7033 | D:6      | Noticed a cyclops
  7327 | D:6      | Killed a cyclops
  7507 | D:6      | Found a shimmering blue altar of Sif Muna.
  7520 | D:6      | Noticed Menkaure
  7530 | D:6      | Killed Menkaure
  8102 | D:7      | Reached XP level 10. HP: 55/56 MP: 10/10
  8143 | D:7      | Found a runed translucent gate.
  8143 | D:7      | Found a runed translucent gate.
  8143 | D:7      | Found a runed translucent gate.
  8148 | D:7      | Reached skill level 1 in Dodging
  8450 | D:7      | Killed an unseen horror
  9263 | D:7      | Noticed a cyclops
  9294 | D:7      | Killed a cyclops
  9458 | D:7      | Got a smoking bronze amulet
  9461 | D:7      | Got a wavering tin ring
  9469 | D:7      | Got a translucent brass ring
  9472 | D:7      | Got a glittering glass ring
  9643 | D:7      | Noticed Harold
  9678 | D:7      | Killed Harold
  9678 | D:7      | Reached skill level 5 in Fighting
  9678 | D:7      | Reached skill level 5 in Armour
  9678 | D:7      | Reached skill level 5 in Shields
  9729 | D:7      | Noticed Mictavius's ghost (novice HOMo)
  9828 | D:8      | Identified the +8 dagger "Xatu" {vamp, rF- Str+4} (You
                  | found it on level 4 of the Dungeon)
  9832 | D:8      | Identified the amulet "Asuuj Vi Dod" {Faith *Drain Str+5
                  | Int+8} (You found it on level 7 of the Dungeon)
  9836 | D:8      | Identified the ring "Saovo" {MR+ Str+3 Stlth-} (You found
                  | it on level 7 of the Dungeon)
  9838 | D:8      | Identified the ring "Erech" {*Corrode Str+2 Dex+6 Slay+2
                  | SInv} (You found it on level 7 of the Dungeon)
  9840 | D:8      | Identified the ring of Ephemeral Luck {+Blink rF+++ Str-3
                  | Int+9 Stlth-} (You found it on level 7 of the Dungeon)
  9957 | D:8      | Noticed Erica
  9983 | D:8      | Killed Erica
  9986 | D:8      | Reached XP level 11. HP: 57/64 MP: 11/11
 10103 | D:8      | Found Ytytaerph's Assorted Antiques.
 10108 | D:8      | Bought a metallic brown potion for 27 gold pieces
 10108 | D:8      | Bought a scroll labeled QIOPUG WI UTWI for 31 gold pieces
 10406 | D:8      | Found a basalt altar of Yredelemnul.
 10595 | D:9      | Found an opulent altar of Gozag.
 10822 | D:9      | Noticed a two-headed ogre
 11025 | D:9      | Found Bulac's Assorted Antiques.
 11034 | D:9      | Bought a scroll of teleportation for 66 gold pieces
 11034 | D:9      | Bought a scroll labeled CECRUO XAUNG for 22 gold pieces
 11074 | D:9      | Noticed Grum
 11101 | D:9      | Killed Grum
 11222 | D:9      | Killed a two-headed ogre
 11447 | D:9      | Found a glowing golden altar of the Shining One.
 11455 | D:9      | Became a worshipper of the Shining One
 11825 | D:10     | Entered Level 10 of the Dungeon
 11968 | D:10     | Noticed a two-headed ogre
 11980 | D:10     | Killed a two-headed ogre
 11980 | D:10     | Reached skill level 1 in Invocations
 12162 | D:10     | Reached * piety under the Shining One
 12204 | D:10     | Noticed an unseen horror
 12212 | D:10     | Killed an unseen horror
 12235 | D:10     | Reached skill level 2 in Invocations
 12857 | D:11     | Noticed a seven-headed hydra
 12859 | D:11     | Noticed an unseen horror
 12866 | D:11     | Killed an unseen horror
 12897 | D:11     | Found a staircase to the Orcish Mines.
 12898 | D:11     | Noticed a green ugly thing
 12912 | D:11     | Killed a green ugly thing
 12912 | D:11     | Reached XP level 12. HP: 61/72 MP: 12/14
 12932 | D:11     | Noticed a death yak
 12932 | D:11     | Noticed a death yak
 12932 | D:11     | Noticed a death yak
 13002 | D:11     | Reached ** piety under the Shining One
 13012 | D:11     | Reached skill level 3 in Invocations
 13021 | D:11     | Found a flagged portal.
 13038 | D:11     | You fall into a shaft and drop 3 floors!
 13059 | D:14     | Reached skill level 5 in Dodging
 13079 | D:14     | Noticed a four-headed hydra
 13517 | D:13     | Reached skill level 4 in Invocations
 13649 | D:11     | Found a staircase to the Lair.
 13652 | D:11     | Noticed a five-headed hydra
 13652 | D:11     | Reached *** piety under the Shining One
 13665 | D:11     | Killed a one-headed hydra
 13815 | D:11     | Killed a two-headed hydra
 13927 | D:10     | Killed a death yak
 14090 | D:10     | Killed a death yak
 14096 | D:10     | Reached skill level 5 in Invocations
 14209 | D:11     | Killed a death yak
 14246 | D:12     | Reached XP level 13. HP: 79/79 MP: 16/16
 14258 | D:12     | Found a basalt altar of Yredelemnul.
 14260 | D:12     | Found a shattered altar of Ashenzari.
 14470 | D:12     | Reached **** piety under the Shining One
 15326 | D:13     | Noticed a vault guard
 15343 | D:13     | Killed a vault guard
 15351 | D:13     | Killed a vault guard
 15363 | D:13     | Reached skill level 6 in Invocations
 15759 | D:13     | Got an opal-encrusted chain mail
 15770 | D:13     | Identified the +6 chain mail of Honour {rC+ Regen+ Str+4}
                  | (You found it on level 13 of the Dungeon)
 15781 | D:13     | Found a runed translucent gate.
 15783 | D:13     | Found a runed translucent gate.
 15783 | D:13     | Found a runed translucent gate.
 15784 | D:13     | Noticed Cetal's ghost (journeyman GrFi)
 15787 | D:13     | Noticed a stone giant
 15788 | D:13     | Found the amulet of Vitality {Regen+ HP+15}
 16196 | D:13     | Noticed a vault guard
 16210 | D:13     | Killed a vault guard
 16243 | D:13     | Found a gate to the Vaults.
 16325 | Lair:1   | Entered Level 1 of the Lair of Beasts
 16344 | Lair:1   | Reached ***** piety under the Shining One
 16734 | Lair:1   | Noticed Maggie
 16744 | Lair:1   | Killed Maggie
 17172 | Lair:2   | Found a staircase to the Shoals.
 17287 | Lair:2   | Reached skill level 7 in Invocations
 17453 | Lair:2   | Gained mutation: Your large and strong wings let you fly
                  | indefinitely. [Gargoyle growth]
 17453 | Lair:2   | Reached XP level 14. HP: 77/87 MP: 19/19
 17958 | Lair:3   | Found a gate leading to a gauntlet.
 17970 | Gauntlet | Entered a Gauntlet
 17970 | Gauntlet | Found a transporter.
 17970 | Gauntlet | Found a transporter.
 17976 | Gauntlet | Found a transporter.
 17977 | Gauntlet | Found a runed translucent door.
 17978 | Gauntlet | Found a runed translucent door.
 17989 | Gauntlet | Found a transporter.
 18007 | Gauntlet | Found a transporter.
 18007 | Gauntlet | Found a transporter.
 18007 | Gauntlet | Found a transporter.
 18010 | Gauntlet | Found a transporter.
 18010 | Gauntlet | Found a transporter.
 18019 | Gauntlet | Found a runed translucent gate.
 18019 | Gauntlet | Found a runed translucent gate.
 18019 | Gauntlet | Found a runed translucent gate.
 18021 | Gauntlet | Found a transporter.
 18039 | Gauntlet | Found a transporter.
 18049 | Gauntlet | Found a transporter.
 18064 | Gauntlet | Found a transporter.
 18084 | Gauntlet | Found a transporter.
 18172 | Gauntlet | Reached skill level 10 in Shields
 18186 | Gauntlet | Got a pitted scimitar
 18218 | Gauntlet | Reached skill level 10 in Armour
 18226 | Gauntlet | Reached skill level 10 in Fighting
 18330 | Gauntlet | Got a scorched iron ring
 18339 | Gauntlet | Identified the ring of Doubts {rPois rC+ Dex+3 SInv}
 18387 | Gauntlet | Identified the Catalogue of Malediction
 18392 | Gauntlet | Got a vibrating marble ring
 18396 | Gauntlet | Identified the Collected Works on Orientation
 18468 | Lair:3   | Identified the ring "Xudwyr" {+Blink rC+ Dex+5} (You found
                  | it in a Gauntlet)
 18470 | Lair:3   | Identified the ring of the Shining Light {Fire +Blink} (You
                  | found it in a Gauntlet)
 18636 | Lair:3   | Identified the +7 scimitar of Malaise {elec, Fragile rElec
                  | rPois Int+5} (You found it in a Gauntlet)
 18934 | Lair:3   | Found a hole to the Spider Nest.
 18958 | Lair:3   | Reached skill level 8 in Invocations
 20166 | Lair:5   | Found a dark tunnel.
 20177 | Volcano  | Entered a volcano
 20196 | Volcano  | Reached ****** piety under the Shining One
 20335 | Volcano  | Reached skill level 9 in Invocations
 20787 | Lair:6   | Entered Level 6 of the Lair of Beasts
 20953 | Lair:6   | Found a staircase to the Slime Pits.
 20953 | Lair:6   | Found a viscous altar of Jiyva.
 21193 | Lair:6   | Reached skill level 10 in Invocations
 21193 | Lair:6   | Reached XP level 15. HP: 92/92 MP: 22/22
 22018 | Lair:6   | Got a faintly glowing long sword
 22431 | Orc:1    | Entered Level 1 of the Orcish Mines
 22431 | Orc:1    | Noticed Fannar
 22440 | Orc:1    | Killed Fannar
 22608 | Orc:1    | Found Ceclev's Book Emporium.
 22762 | Orc:2    | Entered Level 2 of the Orcish Mines
 22898 | Orc:1    | Reached skill level 11 in Invocations
 23581 | Orc:2    | Noticed an orc warlord
 23629 | Orc:2    | Killed an orc warlord
 23708 | Orc:2    | Found a staircase to the Elven Halls.
 24113 | Orc:2    | Reached skill level 10 in Dodging
 24388 | Orc:2    | Found Gaolob's Antique Weapon Emporium.
 24388 | Orc:2    | Found Idda's General Store.
 24489 | Orc:2    | Found Qiklesim's Antique Armour Emporium.
 24489 | Orc:2    | Found Edwutheac's Book Shop.
 24678 | Elf:1    | Entered Level 1 of the Elven Halls
 24730 | Elf:1    | Identified the +6 long sword "Kaoboc" {protect, Int+6} (You
                  | found it on level 6 of the Lair of Beasts)
 24732 | Elf:1    | Identified a +2 eudemon blade of holy wrath (a +0 demon
                  | blade blessed by the Shining One)
 24732 | Elf:1    | Received a gift from the Shining One
 24960 | Elf:1    | Found the ring of Shadows {Umbra +Inv Stlth+}
 24981 | Elf:1    | Reached skill level 12 in Invocations
 25395 | Elf:1    | Reached XP level 16. HP: 97/97 MP: 25/25
 25403 | Elf:1    | Identified the Guide on Necromancy
 25628 | Elf:1    | Noticed a deep elf blademaster
 25640 | Elf:1    | Killed a deep elf blademaster
 25797 | Elf:1    | Identified the +6 broad axe "Pierije" {vorpal, Dex+3} (You
                  | found it on level 1 of the Elven Halls)
 25847 | Elf:1    | You are sucked into a shaft and drop 1 floor!
 25906 | Elf:1    | Found Renizes's Book Emporium.
 26366 | Elf:2    | Reached skill level 13 in Invocations
 26369 | Elf:2    | Found Xoph's Elven Fire.
 26606 | Elf:2    | Cast into level 3 of the Abyss (a deep elf sorcerer)
 26670 | Abyss:3  | Gained mutation: Your spells are a little easier to cast,
                  | but a little less powerful. [a cacodemon]
 26871 | Abyss:3  | The Shining One protects you from harm!
 27042 | Elf:2    | Escaped the Abyss
 27227 | Elf:2    | Found a huge runed translucent gate.
 27227 | Elf:2    | Found a huge runed translucent gate.
 27232 | Elf:2    | Found a huge runed translucent gate.
 27233 | Elf:2    | Found a huge runed translucent gate.
 27233 | Elf:2    | Found a huge runed translucent gate.
 27296 | Elf:2    | Reached skill level 15 in Shields
 27357 | Elf:2    | Reached skill level 14 in Invocations
 27362 | Elf:2    | The Shining One protects you from harm!
 27749 | Elf:2    | Noticed Donald
 27778 | Elf:2    | Killed Donald
 27905 | Elf:2    | Reached skill level 15 in Invocations
 28102 | Elf:3    | Entered Level 3 of the Elven Halls
 28278 | Elf:3    | Reached XP level 17. HP: 102/102 MP: 19/28
 28741 | Elf:3    | Reached skill level 16 in Invocations
 28742 | Elf:3    | Noticed a deep elf master archer
 28878 | Elf:3    | Noticed a deep elf blademaster
 29003 | Elf:2    | Killed a deep elf blademaster
 29048 | Elf:3    | Noticed a deep elf blademaster
 29096 | Elf:2    | Killed a deep elf blademaster
 29303 | Elf:3    | Noticed an Ice Fiend
 29501 | Elf:2    | Reached skill level 17 in Invocations
 29555 | Elf:2    | Killed a deep elf master archer
 29725 | Elf:3    | Noticed a deep elf blademaster
 29738 | Elf:3    | Killed a deep elf blademaster
 29745 | Elf:3    | Noticed a deep elf master archer
 29766 | Elf:3    | Killed a deep elf master archer
 29804 | Elf:3    | Identified the +7 glaive "Lontev" {drain, rF+ rC+}
 29827 | Elf:3    | Identified the +7 hand axe of Imbalance {elec, +Blink Str-5
                  | Int-4 Dex+8}
 29838 | Elf:3    | Killed from afar by a deep elf annihilator

Illustrated notes

Levels and vault maps discovered:
D:1:      matt_arrival_diagonals, layout_basic
D:2:      layout_rooms, eat_drink_and_be_merry_uskayaw, minmay_misc_feat_five
D:3:      layout_basic, nicolae_overflow_hidden_temple, first_ration,
          minmay_quadrilaterals, uniq_sigmund
D:4:      layout_basic, minmay_temple_entry_fiery,
          chequers_serial_rivers_room_b, uniq_eustachio
D:5:      layout_layer_cave, uniq_edmund
D:6:      layout_basic, kennysheep_little_box, lemuel_crystal_altar,
          hangedman_decor_riveting, kb_rosetta, uniq_grinder, uniq_menkaure
D:7:      minmay_the_grid_triangle_9x9_rhombus_thin
          [minmay_the_grid_triangle_9x9_semitri,
          minmay_the_grid_triangle_9x9_prize_special,
          minmay_the_grid_triangle_9x9_sparse_checkered,
          minmay_the_grid_triangle_9x9_limited_checkers], layout_loops_ring,
          gammafunk_ghost_icy, eino_jars, uniq_harold
D:8:      layout_loops_ring, yredelemnul_forgotten_temple_becter, serial_shops,
          shop, serial_rivers, chequers_serial_rivers_small_a,
          chequers_serial_rivers_micro_b, chequers_serial_rivers_small_a,
          chequers_serial_rivers_small_b, chequers_serial_rivers_marsh,
          chequers_serial_rivers_micro_d, uniq_erica
D:9:      layout_long_grid, lemuel_crystal_altar, serial_shops,
          nicolae_shop_stone, hangedman_pestilent_swarm,
          grunt_gozag_breadcrumbs, uniq_grum
D:10:     layout_long_grid
D:11:     layout_rooms, dpeg_lair_monsters, orc_0_dummy, enter_bailey_2
D:12:     layout_stronghold, basic_altar, yredelemnul_altar_generic
D:13:     layout_loops_corners, ximxim_vaults_locker_room,
          gammafunk_ghost_split, grunt_ministairs_8, bh_walls_and_bars
D:14:     layout_roguey [special_room_mythical_zoo], lemuel_tele_altar,
          minmay_misc_feat_alley, minmay_misc_feat_plants, kennysheep_crisscross
Temple:   regret_index_temple_sphere_string
Lair:1:   layout_layer_cave, grunt_forest_small_clearings, st_stairs_13,
          uniq_maggie
Lair:2:   layout_chaotic_city, shoals_dummy_entry, minmay_shattered_shrine,
          infiniplex_staircase_pool
Lair:3:   layout_regular_city, nicolae_spider_entry_tight_spaces,
          gauntlet_entry_generic, st_stairs_7, beast_lair_carwin_4,
          serial_bayou_shore_b
Lair:4:   layout_hall_layers, grunt_megastairs_4
Lair:5:   layout_hall_layers, lightli_volcano_entry_magma_tube
Lair:6:   due_jungle_book, layout_concentric_octagons, slime_altar_1,
          minivault_23
Orc:1:    layout_diamond_mine, serial_shops, shop, uniq_urug, uniq_fannar
Orc:2:    grunt_orc_tribal_feast, layout_diamond_mine, nooodl_orcs_dogs
Elf:1:    eino_elf_arrival_sip, layout_geoelf_grid, serial_shops, shop_coins,
          minmay_elf_necromancy, minmay_checkered_concentric_circles
Elf:2:    layout_geoelf_octagon, nicolae_elf_v_pinch, dk_noncrumbling_4,
          guppyfry_elf_lava, uniq_donald
Elf:3:    minmay_elf_hall_not_hex, layout_gridlike, glass_columns_b,
          einodemon_barbed_minivault

Skill      XL: |  1  2  3  4  5  6  7  8  9 10 11 12 13 14 15 16 17 |
---------------+----------------------------------------------------+-----
Long Blades    | 2 3 4 5 6 8 10 12 13 14 | 14.0
Dodging        | 3 4 6 7 9 10 | 10.0
Fighting       | 5 7 8 9 10 | 10.0
Armour         | 5 7 8 9 10 | 10.0
Shields        | 5 7 8 9 11 13 15 | 15.0
Invocations    | 2 5 7 10 12 15 17 | 17.6

Action                   |  1- 3 |  4- 6 |  7- 9 | 10-12 | 13-15 | 16-18 || total
-------------------------+-------+-------+-------+-------+-------+-------++-------
Melee: Long sword        |    88 |   207 |   157 |       |       |       ||   452
       Falchion          |       |       |   279 |   166 |       |       ||   445
       Scimitar          |       |       |       |   441 |  1421 |   652 ||  2514
Invok: Summon Divine War |       |       |       |       |     3 |    13 ||    16
       Brand Weapon With |       |       |       |       |     1 |       ||     1
       Cleansing Flame   |       |       |       |       |       |     5 ||     5
 Abil: Fly               |       |       |       |       |     1 |       ||     1
Evoke: Wand              |       |       |       |    11 |     1 |       ||    12
  Use: Scroll            |       |       |     1 |    20 |    13 |     6 ||    40
       Potion            |       |       |       |     1 |       |     2 ||     3
  Eat: Chunk             |       |     6 |    11 |    13 |    28 |     1 ||    59
       Ration            |       |       |     2 |     2 |     3 |     5 ||    12
Armor: Scale mail        |    57 |   107 |   121 |       |       |       ||   285
       Chain mail        |       |       |       |    66 |   441 |   254 ||   761
       Ring mail         |       |       |       |   208 |    42 |       ||   250
Dodge: Dodged            |    29 |    87 |   136 |   203 |   410 |   202 ||  1067
Block: Kite shield       |    43 |   112 |   156 |   315 |   674 |   325 ||  1625
       Rpst.: Long sword |     8 |    28 |    10 |       |       |       ||    46
       Falchion          |       |       |    26 |    20 |       |       ||    46
       Scimitar          |       |       |       |    43 |   119 |    42 ||   204

Table legend:
 A = Non-vault XP
 B = Vault XP
 C = Vault XP percentage of total XP
 D = Non-vault monster count
 E = Vault monster count
 F = Vault count percentage of total count
                 A         B        C        D         E       F
            +---------+---------+-------+---------+---------+-------
      Total |  113298 |  103136 |  47.7 |     659 |     236 |  26.4
            +---------+---------+-------+---------+---------+-------
        D:1 |      62 |       0 |   0.0 |      26 |       0 |   0.0
        D:2 |     242 |       0 |   0.0 |      22 |       0 |   0.0
        D:3 |     113 |     240 |  68.0 |      27 |       4 |  12.9
        D:4 |     746 |     196 |  20.8 |      30 |       1 |   3.2
        D:5 |     455 |     171 |  27.3 |      28 |       1 |   3.4
        D:6 |     733 |    1314 |  64.2 |      15 |       7 |  31.8
        D:7 |     177 |    3677 |  95.4 |       6 |      23 |  79.3
        D:8 |     747 |     809 |  52.0 |      12 |       2 |  14.3
        D:9 |    2873 |    1282 |  30.9 |      34 |       9 |  20.9
       D:10 |    3266 |    1935 |  37.2 |      31 |       3 |   8.8
       D:11 |    8006 |    1058 |  11.7 |      49 |       2 |   3.9
       D:12 |    4956 |       0 |   0.0 |      39 |       0 |   0.0
       D:13 |    6354 |    3731 |  37.0 |      30 |      16 |  34.8
       D:14 |    2463 |       0 |   0.0 |      16 |       0 |   0.0
     Lair:1 |    3535 |     789 |  18.2 |      16 |       2 |  11.1
     Lair:2 |    3429 |    2120 |  38.2 |      17 |       9 |  34.6
     Lair:3 |    1331 |    3231 |  70.8 |       6 |      13 |  68.4
     Lair:4 |    2892 |     983 |  25.4 |      14 |       1 |   6.7
     Lair:5 |    4922 |       0 |   0.0 |      18 |       0 |   0.0
     Lair:6 |   21402 |    2862 |  11.8 |      49 |       5 |   9.3
      Orc:1 |    1789 |    2538 |  58.7 |      18 |       4 |  18.2
      Orc:2 |    4650 |    7246 |  60.9 |      67 |      37 |  35.6
      Elf:1 |    9780 |    8118 |  45.4 |      19 |      14 |  42.4
      Elf:2 |   11611 |   37801 |  76.5 |      26 |      45 |  63.4
      Elf:3 |    8495 |   14762 |  63.5 |      18 |      13 |  41.9
    Abyss:3 |    8269 |       0 |   0.0 |      26 |       0 |   0.0
    Volcano |       0 |    4782 | 100.0 |       0 |      15 | 100.0
   Gauntlet |       0 |    3491 | 100.0 |       0 |      10 | 100.0
            +---------+---------+-------+---------+---------+-------
